 Dungeon Crawl Stone Soup version 0.20-a0-540-ge6d1839 (webtiles) character file.

28 polly the Skirmisher (level 3, -6/24 HPs)
             Began as a Gargoyle Fighter on Jan 29, 2017.
             Killed from afar by Natasha (8 damage)
             ... with a magic dart
             ... on level 2 of the Dungeon.
             The game lasted 00:01:03 (838 turns).

polly the Skirmisher (Gargoyle Fighter)              Turns: 838, Time: 00:01:04

Health: -6/24      AC: 10    Str: 20    XL:     3   Next: 12%
Magic:  3/3        EV:  7    Int:  8    God:
Gold:   114        SH:  9    Dex:  9    Spells: 2/2 levels left

rFire    . . .     SeeInvis .   a - +0 flail
rCold    . . .     Gourm    .   b - +0 scale mail
rNeg     + . .     Faith    .   c - +0 shield
rPois    ∞         Spirit   .   (no helmet)
rElec    +         Reflect  .   (no cloak)
rCorr    .         Harm     .   (no gloves)
MR       .....                  (no boots)
Stlth    ..........             (no amulet)
Regen    0.1/turn               (no ring)
                                (no ring)

@: slowed, very slow
A: negative energy resistance 1, electricity resistance, unbreathing,
petrification resistance, rot immunity, AC +3
a: no special abilities


You were on level 2 of the Dungeon.
You were not hungry.

You visited 1 branch of the dungeon, and saw 2 of its levels.

You collected 114 gold pieces.

Inventory:

Hand Weapons
 a - a +0 flail (weapon)
Armour
 b - a +0 scale mail (worn)
 c - a +0 shield (worn)
Jewellery
 n - a +3 ring of strength {unknown}
Scrolls
 g - a scroll of amnesia {unknown}
 h - a scroll of fear {unknown}
 l - a scroll of magic mapping {unknown}
 o - a scroll of teleportation {unknown}
Potions
 d - a potion of might
 e - a potion of heal wounds {unknown}
 k - 2 potions of magic {unknown}
Comestibles
 f - 2 bread rations
 i - a fruit
 j - 3 meat rations


   Skills:
 + Level 3.7 Fighting
 + Level 2.4 Maces & Flails
 + Level 3.7 Armour
 + Level 0.1 Dodging
 + Level 3.4 Shields


You had 2 spell levels left.
You didn't know any spells.

Dungeon Overview and Level Annotations

Branches:
Dungeon (2/15)

Altars:
Zin

Annotations:
D:2 Natasha


Innate Abilities, Weirdness & Mutations

You are resistant to torment.
Your stone body is resilient. (AC +3)
You are immune to poison.
You resist negative energy. (rN+)
You are resistant to electric shocks. (rElec)
You can survive without breathing.
You are immune to petrification.
You are immune to rotting.


Message History

The hobgoblin hits you but does no damage.
You block Natasha's attack. The crimson imp barely misses you.
The hobgoblin hits you but does no damage.
You block Natasha's attack.
The crimson imp hits you but does no damage.
You hit Natasha.
Natasha is almost dead.
You block Natasha's attack.
The hobgoblin hits you but does no damage.
The crimson imp hits you but does no damage.
Natasha casts a spell at you. The magic dart hits you!
* * * LOW HITPOINT WARNING * * *
The hobgoblin hits you but does no damage.
The crimson imp closely misses you.
You closely miss Natasha.
Natasha is almost dead.
Natasha stares at you and mumbles some strange words.
The magic dart hits you!
You die...

#.......#.##.##
..#...........#..#...#..
....#.......#.)..#.#....
......#...#......#.##...
........#........#.###..
........#........#.#####
......#...#.............
....#..h5...#....#.#####
#...g@......#..#...
.......###.......###.#
......# #######.# .#
###### #.# # #.# #.# #..
##


You could see Natasha, a crimson imp and a hobgoblin.

Vanquished Creatures
  A ball python (D:1)
  2 giant cockroaches
  2 hobgoblins
  2 bats
  3 frilled lizards (D:1)
  4 goblins
  2 kobolds (D:1)
  15 rats (D:1)
31 creatures vanquished.

Notes
Turn   | Place    | Note
-------+----------+-------------------------------------------
     0 | D:1      | polly the Gargoyle Fighter began the quest for the Orb.
     0 | D:1      | Reached XP level 1. HP: 14/14 MP: 1/1
    22 | D:1      | Reached XP level 2. HP: 16/19 MP: 2/2
   594 | D:2      | Reached XP level 3. HP: 24/24 MP: 3/3
   636 | D:2      | Found a glowing silver altar of Zin.
   822 | D:2      | Noticed Natasha
   838 | D:2      | Killed from afar by Natasha

Vault maps used:
D:1:      erik_arrival_orb_chamber, kennysheep_crisscross
D:2:      zin_academy, kennysheep_minor_cross, grunt_decor_one_mirror,
          minmay_misc_feat_more_columns, uniq_natasha

Action                   || total
-------------------------++-------
Melee: Flail             ||   115
Armor: Scale mail        ||    61
Dodge: Dodged            ||    30
Block: Shield            ||    51
